 Dungeon Crawl Stone Soup version 0.17.1-2-g5865329 (webtiles) character file.

127 ololoev the Chopper (level 4, -1/35 HPs)
             Began as a Demonspawn Fighter on Jan 25, 2016.
             Killed by nerve-wracking pain
             ... invoked by a shadow imp
              (14 damage)
             ... on level 5 of the Dungeon.
             The game lasted 00:02:14 (431 turns).

ololoev the Chopper (Demonspawn Fighter)             Turns: 431, Time: 00:02:15

Health: -1/35      AC:  6    Str: 18    XL:     4   Next: 85%
Magic:  4/4        EV:  7    Int:  9    God:
Gold:   58         SH:  8    Dex: 12    Spells: 0 memorised, 3 levels left

rFire  . . .     SeeInvis .     a - +0 war axe
rCold  . . .     Clarity  .     b - +0 scale mail
rNeg   . . .     SustAt   .     c - +0 shield
rPois  .         Gourm    .     (no helmet)
rElec  .         Spirit   .     (no cloak)
rCorr  .         Warding  .     (no gloves)
rMut   .         Stasis   .     (no boots)
MR     .....                    (no amulet)
Stlth  ..........               (no ring)
                                (no ring)

@: not resistant to hostile enchantments, extremely unstealthy
A: hooves 1, powered by pain 1
a: no special abilities


Innate Abilities, Weirdness & Mutations

You have large cloven feet.
You sometimes gain a little power by taking damage.

Inventory:

Hand Weapons
 a - a +0 war axe (weapon)
Armour
 b - a +0 scale mail (worn)
 c - a +0 shield (worn)
Wands
 d - a wand of disintegration (11)
Scrolls
 h - a scroll of enchant armour {unknown}
 l - a scroll of recharging {unknown}
Potions
 g - a potion of heal wounds {unknown}
 j - a potion of curing {unknown}
 k - a potion of haste {unknown}
Comestibles
 e - 3 bread rations
 f - 2 beef jerkies
 i - a chunk of flesh


   Skills:
 - Level 3.0 Fighting
 * Level 3.9 Axes
 + Level 3.6 Armour
 - Level 2.6 Shields


You had 3 spell levels left.
You didn't know any spells.


You were on level 5 of the Dungeon.
You were not hungry.

You visited 1 branch of the dungeon, and saw 5 of its levels.

You collected 58 gold pieces.

...........# ##..........
...........#
##......#####
.....†.....# #.......#
...........# ##.......#
...........# #[.......#
...........# ##........#
...........# ##.........#
.....###....##...########
....## ....##.#@.......
..### ....#.##a5.#..#.
### ... #........ ...
#........ ... #........
..# #...#..#. #........
#########

Notes
Turn   | Place    | Note
--------------------------------------------------------------
     0 | D:1      | ololoev the Demonspawn Fighter began the quest for the Orb.
     0 | D:1      | Reached XP level 1. HP: 18/18 MP: 1/1
   153 | D:2      | Found an iron altar of Okawaru.
   153 | D:2      | Found a radiant altar of Vehumet.
   265 | D:4      | Noticed a scorpion
   270 | D:4      | Gained mutation: You have large cloven feet. [demonic ancestry]
   270 | D:4      | Reached XP level 2. HP: 20/24 MP: 2/2
   274 | D:4      | Killed a scorpion
   274 | D:4      | Reached XP level 3. HP: 12/29 MP: 3/3
   274 | D:4      | Gained mutation: You sometimes gain a little power by taking damage. [demonic ancestry]
   274 | D:4      | Reached XP level 4. HP: 14/35 MP: 4/4
   281 | D:4      | Noticed an iguana
   286 | D:4      | Killed an iguana
   357 | D:5      | Entered Level 5 of the Dungeon
   431 | D:5      | Killed from afar by a shadow imp

Dungeon Overview and Level Annotations

Branches:
Dungeon (5/15)
 Temple: D:4-7

Altars:
Okawaru
Vehumet


Message History

Found 8 gold pieces.
An orc comes into view.
The orc shouts!
The orc hits you.
You barely miss the orc. The orc hits you but does no damage.
You hit the orc.
You kill the orc!
You see here an orc corpse.
You now have 58 gold pieces (gained 8).
Found a robe.
You see here a robe.
Found a rapier.
Found a robe.
Found 11 gold pieces.
A worker ant comes into view.
The worker ant twitches its antennae in your direction.
A shadow imp comes into view.
You slash the worker ant!
The worker ant is heavily wounded.
The worker ant bites you but does no damage. x2
Your shield prevents you from hitting the worker ant.
You kick the worker ant, but do no damage.
The worker ant is heavily wounded.
You block the worker ant's attack.
You barely miss the worker ant. Your kick misses the worker ant.
The worker ant is heavily wounded.
The worker ant bites you but does no damage.
You block the worker ant's attack.
You hit the worker ant.
You kick the worker ant, but do no damage.
The worker ant is severely wounded.
You block the worker ant's attack. The worker ant bites you.
Unknown command.
You hit the shadow imp. Your kick misses the shadow imp.
The shadow imp is moderately wounded.
You hit the worker ant but do no damage.
The worker ant is severely wounded.
The shadow imp gestures at you. Pain shoots through your body!
You die...

You could see a worker ant and a shadow imp.

Vanquished Creatures
  A scorpion (D:4)
  A giant frog zombie (D:5)
  An iguana (D:4)
  An adder (D:4)
  A giant gecko (D:4)
  An orc (D:5)
  2 goblins
  A ball python (D:1)
  2 bats
  A giant gecko skeleton (D:4)
  A kobold (D:1)
  A quokka (D:4)
  A rat (D:2)
15 creatures vanquished.

Action                   |  1- 3 |  4- 6 || total
-------------------------+-------+-------++-------
Melee: War axe           |    29 |    17 ||    46
  Use: Potion            |     1 |       ||     1

Vault maps used:
D:1:      shiori_arrival_oz, minmay_rat_gold_closets
D:2:      gammafunk_temple_overflow_elements, ecumenical_altar_1
D:3:      first_bread, minmay_misc_feat_secret_circle, grunt_ministairs_15
D:4:      nicolae_ru_the_path_less_chosen
D:5:      kennysheep_little_box, temple_hall, nicolae_sextant,
          yredelemnul_altar_generic
